 Dungeon Crawl Stone Soup version 0.27.0-1-g7a089689b8 (webtiles) character file.

Game seed: 15325712740559481278

3400 sanka the Fighter (level 10, 0/118 HPs)
             Began as an Ogre Enchanter on Aug 13, 2021.
             Was a Priest of Okawaru.
             Slain by a killer bee (1 damage)
             ... on level 8 of the Dungeon.
             The game lasted 00:16:04 (7400 turns).

sanka the Fighter (Ogre Enchanter)                  Turns: 7400, Time: 00:16:05

Health: 0/118      AC:  7    Str: 17    XL:     10   Next: 4%
Magic:  12/13      EV: 15    Int: 16    God:    Okawaru [***...]
Gold:   588        SH:  0    Dex:  9    Spells: 12/13 levels left

rFire    . . .     SeeInvis .   a - +0 giant spiked club
rCold    . . .     Faith    .   (shield currently unavailable)
rNeg     . . .     Spirit   .   j - +0 robe
rPois    .         Reflect  .   (helmet restricted)
rElec    .         Harm     .   (no cloak)
rCorr    .         Rampage  .   (gloves unavailable)
Will     +....                  (boots unavailable)
Stlth    +++.......             n - amulet of regeneration
HPRegen  1.29/turn              r - +4 ring of protection
MPRegen  0.13/turn              c - +4 ring of evasion

@: about to teleport, heroic
A: large, unfitting armour, tough skin 1
a: Renounce Religion, Heroism


You were on level 8 of the Dungeon.
You worshipped Okawaru.
Okawaru was most pleased with you.
You visited 1 branch of the dungeon, and saw 9 of its levels.
You also visited: Sewer and Ossuary.

You collected 588 gold pieces.


Innate Abilities, Weirdness & Mutations

You are too large for most types of armour.
You have tough skin. (AC +1)


   Skills:
 + Level 12.7(17.7) Fighting
 - Level 0.8(5.8) Short Blades
 + Level 7.9(12.9) Maces & Flails
 - Level 1.7(6.7) Dodging
 - Level 2.1(7.1) Stealth
 - Level 2.4 Spellcasting
 - Level 2.6 Hexes
 - Level 4.0 Invocations


You had 12 spell levels left.
You knew the following spells:

 Your Spells              Type           Power      Damage    Failure   Level
Z - Corona                Hex            11%        N/A       7%          1

Your spell library contained the following spells:

 Spells                   Type           Power      Damage    Failure   Level
 Slow                     Hex            10%        N/A       10%         2
 Ensorcelled Hibernation  Hex/Ice        12%        N/A       17%         2
 Foxfire                  Conj/Fire      4%         2x1d4     21%         1
 Shock                    Conj/Air       4%         1d3       21%         1
 Confusing Touch          Hex            10%        N/A       21%         3
 Tukima's Dance           Hex            10%        N/A       21%         3
 Dazzling Flash           Conj/Hex       12%        N/A       34%         3
 Inner Flame              Hex/Fire       6%         N/A       34%         3
 Conjure Flame            Conj/Fire      1%         6-21      52%         3
 Swiftness                Air            1%         N/A       52%         3
 Airstrike                Air            0%         N/A       89%         4
 Passage of Golubria      Tloc           N/A        N/A       89%         4
 Yara's Violent Unravell  Hex/Tmut       3%         3d4       97%         5

Inventory:

Hand Weapons
 a - a +0 giant spiked club (weapon)
 b - a +1 dagger of draining
Missiles
 x - 43 poisoned darts
 H - a curare-tipped dart {=f}
Armour
 j - a +0 robe (worn)
Magical Staves
 y - a staff of cold
Jewellery
 c - a +4 ring of evasion (right hand)
 n - an amulet of regeneration (around neck)
 r - a +4 ring of protection (left hand)
 I - an amulet of the acrobat
Wands
 C - a wand of flame (21)
 D - a wand of acid (10)
 G - a wand of iceblast (13)
 J - a wand of mindburst (14)
 K - a wand of paralysis (6)
Scrolls
 d - 2 scrolls of fog {unknown}
 f - 2 scrolls of fear {unknown}
 g - a scroll of enchant weapon {unknown}
 h - 5 scrolls of teleportation {@r4}
 l - 7 scrolls of identify {unknown}
 m - a scroll of amnesia {unknown}
 o - 3 scrolls of magic mapping {unknown}
 p - 2 scrolls of enchant armour {unknown}
 s - a scroll of summoning {unknown}
 w - 2 scrolls of torment {unknown}
 A - 2 scrolls of blinking {unknown}
 E - a scroll of noise {unknown}
 F - a scroll of immolation {!r}
Potions
 e - 2 potions of magic {unknown}
 i - 2 potions of berserk rage {unknown}
 k - 6 potions of curing {@q1}
 q - a potion of mutation {unknown}
 t - 2 potions of resistance {unknown}
 u - 4 potions of brilliance {unknown}
 v - 3 potions of attraction {unknown}
 z - a potion of might
 B - 3 potions of haste {unknown}

Dungeon Overview and Level Annotations

Branches:
Dungeon (9/15)             Temple (0/1) D:7            Lair (0/6) D:9
  Sewer (visited)         Ossuary (visited)
    Orc: D:9-12

Altars:
Fedhas
Gozag
Hepliaklqana
Makhleb
Okawaru
Qazlal
Sif Muna
Trog
Uskayaw
Vehumet
Yredelemnul

Shops:
D:5 *

Annotations:
D:6 1 runed translucent door, Skimidon's ghost, novice GrFi

▒...▒▒▒...▒.....▒▒▒▒'▒▒▒▒....'...
▒...▒▒▒...▒........▒....▒▒▒▒▒▒▒..
..........▒........▒.........▒▒..
..........▒........▒....)......▒.
..........▒........▒...........▒▒
..........▒........▒.............
▒.........▒........▒.............
▒.........▒.....yy.+.............
▒▒▒+▒▒▒▒▒▒▒....yOy.▒▒.....▒▒▒▒..▒
..............▒▒▒▒▒▒▒▒▒▒▒▒▒▒▒▒..▒
..............▒....▒........▒....
..............▒....▒........▒....
..............'....▒........▒....
..............▒▒▒▒.▒▒..▒▒...▒▒▒..
......▒+▒▒▒▒▒▒▒.▒▒.▒▒▒▒▒▒...▒▒▒..
......'..........▒...............
......▒..........+...............


You could see 4 killer bees.


Message History

The killer bee poisons you! The killer bee stings you!
* * * LOW HITPOINT WARNING * * *
The killer bee closely misses you. The killer bee barely misses you.
The killer bee stings you.
* * * LOW HITPOINT WARNING * * *
The killer bee barely misses you.
The killer bee stings you but does no damage.
Unknown command.
Unknown command.
The killer bee barely misses you. The killer bee completely misses you.
The killer bee stings you.
* * * LOW HITPOINT WARNING * * *
The killer bee misses you. The killer bee misses you.
The killer bee barely misses you. The killer bee misses you.
The killer bee stings you but does no damage.
Unknown command.
As you read the scroll of teleportation {@r4}, it crumbles to dust.
You feel strangely unstable. The killer bee barely misses you.
The killer bee stings you.
* * * LOW HITPOINT WARNING * * *
The killer bee stings you but does no damage.
The killer bee stings you but does no damage.
The killer bee stings you.
You die...

Action                   |  1- 3 |  4- 6 |  7- 9 | 10-12 || total
-------------------------+-------+-------+-------+-------++-------
Melee: Dagger            |   191 |    40 |    18 |       ||   249
       Giant spiked club |       |   107 |   349 |    12 ||   468
 Cast: Corona            |       |       |     7 |       ||     7
Invok: Heroism           |       |     1 |    13 |     1 ||    15
Evoke: Wand              |       |       |     8 |       ||     8
  Use: Scroll            |       |     1 |       |     1 ||     2
       Potion            |       |       |       |     3 ||     3
 Stab: Sleeping          |     3 |     3 |     4 |       ||    10
Armor: Robe              |    36 |   120 |   237 |    12 ||   405
Dodge: Dodged            |   122 |   313 |   508 |    56 ||   999

Levels and vault maps discovered:
D:1:      roderic_octagonal_star, layout_loops_ring, minivault_11,
          minmay_misc_feat_rows
D:2:      layout_loops_corners, ebering_ecumenical_altar_sacrificial
D:3:      layout_basic, demons_altar, lemuel_tele_altar,
          grunt_temple_overflow_open, minmay_vboxes
D:4:      layout_rooms, fedhas_altar_2, chequers_ossuary_entry_cave,
          serial_glass, glass_columns_b, glass_columns_c,
          minmay_increasing_density
D:5:      layout_cave_pools, gup_sewer_entry_pipe, minmay_crystal_water,
          nicolae_shop_overcharged_wands, uniq_menkaure, uniq_eustachio
D:6:      layout_loops_ring, grunt_qazlal_clouds,
          gammafunk_temple_overflow_pools, ebering_ghost_inner_flame
D:7:      layout_basic, mainiacjoe_overflow_tiny_flanked, temple_statues,
          uniq_prince_ribbit1
D:8:      layout_gridville, led_sif_book, kennysheep_small_circle
D:9:      layout_irregular_city, dpeg_lair_monsters, evilmike_butchery

Notes
Turn   | Place    | Note
-------+----------+-------------------------------------------
     0 | D:1      | sanka the Ogre Enchanter began the quest for the Orb.
     0 | D:1      | Reached XP level 1. HP: 16/16 MP: 3/3
    35 | D:1      | Reached skill level 1 in Fighting
    59 | D:1      | Reached skill level 2 in Fighting
    59 | D:1      | Reached XP level 2. HP: 16/28 MP: 5/5
   376 | D:1      | Reached skill level 3 in Fighting
   810 | D:1      | Reached XP level 3. HP: 35/37 MP: 6/6
  1024 | D:1      | Reached skill level 4 in Fighting
  1652 | D:3      | Found an iron altar of Okawaru.
  1884 | D:3      | Reached XP level 4. HP: 36/48 MP: 7/7
  2038 | D:3      | Became a worshipper of Warmaster Okawaru
  2141 | D:3      | Found a basalt altar of Yredelemnul.
  2141 | D:3      | Found an opulent altar of Gozag.
  2142 | D:3      | Found a bloodstained altar of Trog.
  2351 | D:3      | Noticed an ogre
  2369 | D:3      | Killed an ogre
  2370 | D:3      | Reached skill level 6 in Fighting
  2370 | D:3      | Reached XP level 5. HP: 48/61 MP: 8/8
  2498 | D:3      | Found a burning altar of Makhleb.
  2558 | D:3      | Reached skill level 1 in Maces & Flails
  2606 | D:3      | Reached * piety under Okawaru
  2607 | D:3      | Reached skill level 7 in Fighting
  2607 | D:3      | Reached XP level 6. HP: 71/71 MP: 9/9
  2838 | D:4      | Found a blossoming altar of Fedhas.
  3057 | D:4      | Found a sand-covered staircase.
  3065 | Ossuary  | Entered an ossuary
  3076 | Ossuary  | Reached skill level 2 in Maces & Flails
  3221 | Ossuary  | Reached XP level 7. HP: 63/79 MP: 10/10
  3365 | Ossuary  | Identified the +1 kite shield of Good Intentions {Str+3
                  | Slay+2}
  3463 | D:4      | Reached skill level 1 in Invocations
  3469 | D:4      | Reached skill level 8 in Fighting
  3474 | D:4      | Reached skill level 3 in Maces & Flails
  3872 | D:5      | Entered Level 5 of the Dungeon
  3872 | D:5      | Noticed Eustachio
  3882 | D:5      | Reached skill level 2 in Invocations
  3916 | D:5      | Killed Eustachio
  3936 | D:5      | Noticed Menkaure
  4041 | D:5      | Found a glowing drain.
  4064 | Sewer    | Entered a sewer
  4122 | Sewer    | Noticed Purgy
  4137 | Sewer    | Killed Purgy
  4138 | Sewer    | Reached skill level 3 in Invocations
  4138 | Sewer    | Reached XP level 8. HP: 91/91 MP: 11/11
  4282 | D:5      | Reached ** piety under Okawaru
  4329 | D:5      | Reached skill level 4 in Maces & Flails
  4406 | D:5      | Reached skill level 9 in Fighting
  4459 | D:5      | Found Ixonemm's Overcharged Wands.
  4584 | D:5      | Killed Menkaure
  4598 | D:5      | Reached skill level 4 in Invocations
  4828 | D:6      | Found a hide-covered altar of Uskayaw.
  4828 | D:6      | Found a radiant altar of Vehumet.
  5048 | D:6      | Found a runed translucent door.
  5049 | D:6      | Noticed Skimidon's ghost (novice GrFi)
  5129 | D:6      | Found a stormy altar of Qazlal.
  5297 | D:6      | Reached skill level 5 in Maces & Flails
  5346 | D:6      | Reached skill level 10 in Fighting
  5600 | D:7      | Found a staircase to the Ecumenical Temple.
  5637 | D:7      | Noticed a shadow
  5640 | D:7      | Killed a shadow
  5641 | D:7      | Reached XP level 9. HP: 100/102 MP: 12/12
  5690 | D:7      | Reached *** piety under Okawaru
  5691 | D:7      | Reached skill level 6 in Maces & Flails
  5707 | D:7      | Reached skill level 11 in Fighting
  5877 | D:7      | Noticed Prince Ribbit
  5929 | D:7      | Found a hazy altar of Hepliaklqana.
  5974 | D:7      | Killed Prince Ribbit
  6365 | D:8      | Found a shimmering blue altar of Sif Muna.
  6630 | D:8      | Reached skill level 7 in Maces & Flails
  6986 | D:9      | Identified the +3 scale mail of the Game of Kings {rC+
                  | Dex+4}
  7092 | D:9      | Found a staircase to the Lair.
  7096 | D:9      | Noticed a death yak
  7096 | D:9      | Noticed a death yak
  7239 | D:8      | Killed a death yak
  7240 | D:8      | Reached skill level 12 in Fighting
  7240 | D:8      | Reached XP level 10. HP: 73/118 MP: 8/13
  7341 | D:8      | Reached **** piety under Okawaru
  7397 | D:8      | HP: 11/118 [killer bee (7)]
  7398 | D:8      | HP: 2/118 [killer bee (4)]
  7400 | D:8      | Slain by a killer bee

Vanquished Creatures
  A death yak (D:8)
  Prince Ribbit (D:7)
  A shadow (D:7)
  Eustachio (D:5)
  Menkaure (D:5)
  A water moccasin (D:7)
  An orc warrior (D:6)
  2 sky beasts
  Purgy (Sewer)
  An ogre (D:3)
  2 kobold brigands
  A bullfrog (D:8)
  A wyvern zombie (D:7)
  2 water moccasin skeletons (D:5)
  6 killer bees
  4 howler monkeys
  A centaur zombie (D:7)
  A gnoll shaman (D:4)
  2 human zombies (Ossuary)
  A jelly (D:6)
  A bullfrog skeleton (D:4)
  An orc priest (D:7)
  3 iron imps (D:3)
  A centaur skeleton (D:5)
  2 iguanas
  4 orc wizards
  A scorpion zombie (D:5)
  2 killer bee zombies
  2 hound zombies (Ossuary)
  4 mummies (Ossuary)
  A howler monkey zombie (D:5)
  7 gnolls
  4 adders
  An ufetubus (D:3)
  An adder skeleton (D:4)
  2 worms
  3 dart slugs (D:1)
  13 orcs
  8 ball pythons
  5 endoplasms
  7 giant cockroaches
  2 gnoll zombies (Ossuary)
  6 goblins
  8 hobgoblins
  5 jackals (D:1)
  18 kobolds
  7 quokkas
  3 bats
  6 frilled lizards
  2 goblin zombies (Ossuary)
  A hobgoblin zombie (Ossuary)
  2 kobold zombies (Ossuary)
  An orc zombie (Ossuary)
  6 rats
172 creatures vanquished.
